[Event "Titled Tuesday Blitz July 18 Late 2023"]
[White "Kostiukov, Alexandr"]
[Black "Graif, William"]
[WhiteFideId "14108100"]
[BlackFideId "2609835"]
[WhiteElo "2351"]
[BlackElo "2514"]
[Result "0-1"]
[Round "4"]
[TimeControl "180+2"]
[Date "2023.07.18"]
[WhiteClock "0:00:13"]
[BlackClock "0:00:06"]
[Board "122"]

1. g3 e5 2. Bg2 Nc6 3. c4 Bc5 4. Nc3 a6 5. e3 d6 6. Nge2 Ba7 7. d4 Bg4 8. h3 Bf5 9. O-O Qd7 10. Kh2 Nf6 11. dxe5 dxe5 12. Qxd7+ Nxd7 13. Rd1 O-O-O 14. b3 Nb4 15. Nd5 Nxd5 16. Rxd5 Be6 17. Rd1 Nc5 18. Ba3 Nd3 19. Kg1 Rd7 20. Rd2 Rhd8 21. Rad1 Nxf2 22. Rxd7 Nxd1 23. Rxd8+ Kxd8 24. Bxb7 Nxe3 25. c5 Bc8 26. Bxc8 Kxc8 27. Kf2 Nd5 28. Kf3 f5 29. g4 e4+ 30. Kg3 g6 31. h4 c6 32. gxf5 gxf5 33. Nd4 Bb8+ 34. Kf2 f4 35. Nxc6 f3 36. Bc1 Bh2 37. Nd4 Nb4 38. Ke3 Nd3 39. Bd2 Bf4+ 40. Kxe4 f2 0-1


[Site "https://www.chess.com"]

[Event "Titled Tuesday Blitz July 18 Late 2023"]
[White "Chor, Kevin"]
[Black "AndresDelgado77"]
[WhiteFideId "2090740"]
[WhiteElo "2503"]
[BlackElo "2348"]
[Result "1-0"]
[Round "4"]
[TimeControl "180+2"]
[Date "2023.07.18"]
[WhiteClock "0:00:29"]
[BlackClock "0:00:05"]
[Board "123"]

1. e4 e6 2. d4 d5 3. Nd2 Nc6 4. Ngf3 Nf6 5. e5 Nd7 6. Bd3 Nb4 7. Be2 f6 8. exf6 Qxf6 9. c3 Nc6 10. Nf1 e5 11. dxe5 Ndxe5 12. Qxd5 Be6 13. Qe4 O-O-O 14. Ng3 Bd5 15. Qf5+ Qxf5 16. Nxf5 Nxf3+ 17. Bxf3 Bxf3 18. gxf3 g6 19. Ne3 Bd6 20. Ke2 Rhf8 21. Nc4 Rde8+ 22. Be3 Bf4 23. a4 a6 24. Rad1 b5 25. axb5 axb5 26. Na3 Ne5 27. Nxb5 Nc4 28. Rd3 Bxe3 29. fxe3 Ne5 30. Rd5 Nxf3 31. Rc5 Re7 32. Rf1 c6 33. Rxf3 Rxf3 34. Kxf3 Kd7 35. Nd4 Rf7+ 36. Ke2 Rf6 37. Rxc6 Rxc6 38. Nxc6 Kxc6 39. Kf3 1-0


[Site "https://www.chess.com"]

[Event "Titled Tuesday Blitz July 18 Late 2023"]
[White "K2JW"]
[Black "Yeritsyan, Hayk"]
[BlackFideId "13307320"]
[WhiteElo "2345"]
[BlackElo "2501"]
[Result "1-0"]
[Round "4"]
[TimeControl "180+2"]
[Date "2023.07.18"]
[WhiteClock "0:00:11"]
[BlackClock "0:00:01"]
[Board "124"]

1. d4 d5 2. c4 e6 3. Nf3 dxc4 4. e3 a6 5. Bxc4 b5 6. Bd3 Nf6 7. O-O Bb7 8. a4 c6 9. Qe2 Nbd7 10. e4 Be7 11. Nbd2 O-O 12. e5 Nd5 13. Ne4 b4 14. Bg5 Bxg5 15. Nfxg5 Nf4 16. Qd2 Nxd3 17. Qxd3 h6 18. Nd6 Qxg5 19. Nxb7 c5 20. f4 Qe7 21. d5 Nxe5 22. fxe5 Qxb7 23. d6 Qd5 24. Qg3 f6 25. exf6 Qd4+ 26. Kh1 Rxf6 27. Rfd1 Qf4 28. Qd3 Rd8 29. Qxa6 Kh7 30. Qb6 Rff8 31. Qxc5 e5 32. h3 Rf6 33. d7 Rf7 34. Qc7 Qf6 35. Rf1 Qxf1+ 36. Rxf1 Rxf1+ 37. Kh2 Rff8 38. a5 Ra8 39. a6 Rfd8 40. a7 e4 41. Qb7 Kh8 42. Qxe4 Rxa7 43. Qe8+ Rxe8 44. dxe8=Q+ Kh7 45. Qe4+ Kh8 46. Qxb4 Rb7 47. Qxb7 1-0


[Site "https://www.chess.com"]

[Event "Titled Tuesday Blitz July 18 Late 2023"]
[White "Kujawski, Adam"]
[Black "Barski, Radoslaw"]
[WhiteFideId "1100920"]
[BlackFideId "1131710"]
[WhiteElo "2343"]
[BlackElo "2496"]
[Result "0-1"]
[Round "4"]
[TimeControl "180+2"]
[Date "2023.07.18"]
[WhiteClock "0:00:00"]
[BlackClock "0:00:07"]
[Board "125"]

1. e4 e6 2. d4 d5 3. exd5 exd5 4. c4 Nf6 5. Nc3 Bb4 6. Nf3 O-O 7. Bd3 dxc4 8. Bxc4 a6 9. O-O b5 10. Bb3 Bb7 11. Bg5 h6 12. Bh4 Nbd7 13. Ne5 Qc8 14. Nxd7 Nxd7 15. Nd5 Bd6 16. Ne7+ Bxe7 17. Bxe7 Re8 18. Re1 Nb6 19. d5 Qd7 20. d6 c5 21. Bc2 c4 22. Qh5 Qc6 23. f3 Nd5 24. Be4 Qc5+ 25. Kh1 Rab8 26. Qf5 g6 27. Qh3 Nxe7 28. dxe7 Qxe7 29. Qxh6 Qf6 30. Bxb7 Qxb2 31. Rad1 c3 32. Rxe8+ Rxe8 33. Qc1 Qe2 34. Be4 Rc8 35. Re1 Qc4 36. h3 b4 0-1


[Site "https://www.chess.com"]

[Event "Titled Tuesday Blitz July 18 Late 2023"]
[White "Slovineanu, Viacheslav"]
[Black "Erzhanov, Arman"]
[WhiteFideId "13900510"]
[BlackFideId "4138821"]
[WhiteElo "2341"]
[BlackElo "2495"]
[Result "0-1"]
[Round "4"]
[TimeControl "180+2"]
[Date "2023.07.18"]
[WhiteClock "0:00:00"]
[BlackClock "0:01:01"]
[Board "126"]

1. d4 d6 2. e4 Nf6 3. Nc3 c6 4. f4 d5 5. e5 Ng8 6. h3 h5 7. Nf3 Nh6 8. Be3 Bf5 9. Nh4 e6 10. Bf2 Be7 11. Nxf5 Nxf5 12. g3 Nd7 13. Bd3 g6 14. Qf3 c5 15. dxc5 Nxc5 16. O-O-O Qa5 17. g4 Ng7 18. Bxc5 Bxc5 19. f5 gxf5 20. gxf5 O-O-O 21. Kb1 Kb8 22. fxe6 fxe6 23. Qf7 Qc7 24. Rdf1 Rd7 25. Qg6 Bd4 26. Nb5 Qxe5 27. Nxd4 Qxd4 28. Rf7 Rxf7 29. Qxf7 Qe5 30. a3 Nf5 31. Rf1 Nd6 32. Qd7 Rc8 33. Rg1 a6 34. Rg7 Rc6 35. Rg8+ Rc8 36. Rg7 Ka7 37. Rh7 Rc6 38. Re7 Rb6 39. b4 Ne4 40. Qc7 Nc3+ 41. Ka1 Nb5+ 42. Qxe5 Nxa3 0-1


[Site "https://www.chess.com"]

[Event "Titled Tuesday Blitz July 18 Late 2023"]
[White "Alain_Otero"]
[Black "Ansh M Shah"]
[BlackFideId "25033379"]
[WhiteElo "2337"]
[BlackElo "2494"]
[Result "0-1"]
[Round "4"]
[TimeControl "180+2"]
[Date "2023.07.18"]
[WhiteClock "0:00:00"]
[BlackClock "0:00:06"]
[Board "127"]

1. e4 g6 2. d4 Bg7 3. Nc3 d6 4. f4 Nf6 5. Nf3 O-O 6. Bd3 c5 7. d5 a6 8. a4 e6 9. O-O exd5 10. exd5 Nbd7 11. a5 Qc7 12. Bd2 c4 13. Be2 Qc5+ 14. Kh1 Nxd5 15. Nxd5 Qxd5 16. Bc3 Qc5 17. Ra4 d5 18. Bb4 Qc6 19. Bxf8 Nxf8 20. c3 Ne6 21. g3 Nc5 22. Rb4 Nb3 23. Ne5 Qc5 24. Bf3 Bh3 25. Re1 Rd8 26. Rxb7 Nxa5 27. Rb4 d4 28. Re2 d3 29. Re1 Qf2 30. Re2 Qc5 31. Rd2 Bxe5 32. fxe5 Qxe5 33. Qg1 Qg5 34. Rd1 Qf5 0-1


[Site "https://www.chess.com"]

[Event "Titled Tuesday Blitz July 18 Late 2023"]
[White "Garmendiarov"]
[Black "Kaplan, Avi Harrison"]
[BlackFideId "30934559"]
[WhiteElo "2306"]
[BlackElo "2494"]
[Result "0-1"]
[Round "4"]
[TimeControl "180+2"]
[Date "2023.07.18"]
[WhiteClock "0:00:01"]
[BlackClock "0:00:41"]
[Board "128"]

1. e4 e5 2. Nf3 Nc6 3. Bb5 Nd4 4. Nxd4 exd4 5. O-O Qg5 6. Bc4 d6 7. d3 Qh4 8. Nd2 Nf6 9. Nf3 Qh5 10. Nxd4 Bg4 11. f3 Bd7 12. Be3 Be7 13. f4 Bg4 14. Qe1 O-O-O 15. f5 d5 16. Bb3 dxe4 17. dxe4 Bc5 18. c3 Rhe8 19. h3 Rxe4 20. hxg4 Nxg4 21. Qg3 Rxe3 22. Rf3 Rxd4 23. cxd4 Bxd4 24. Rd1 Rxf3+ 25. Rxd4 Qh1+ 26. Kxh1 Rf1# 0-1


[Site "https://www.chess.com"]

[Event "Titled Tuesday Blitz July 18 Late 2023"]
[White "Novikov, Evgenij"]
[Black "Fernandez Siles, Luis"]
[WhiteFideId "4125380"]
[BlackFideId "2209420"]
[WhiteElo "2491"]
[BlackElo "2303"]
[Result "0-1"]
[Round "4"]
[TimeControl "180+2"]
[Date "2023.07.18"]
[WhiteClock "0:00:00"]
[BlackClock "0:00:06"]
[Board "129"]

1. d4 Nf6 2. c4 g6 3. Nc3 Bg7 4. e4 d6 5. Be2 O-O 6. Nf3 c5 7. O-O Nc6 8. d5 Na5 9. Nd2 e5 10. a3 b6 11. b4 Nb7 12. Re1 Nd7 13. Nf1 f5 14. exf5 gxf5 15. Ra2 Kh8 16. Ng3 Nf6 17. f4 exf4 18. Bxf4 Ng4 19. Bxg4 fxg4 20. Nce2 Bd7 21. bxc5 dxc5 22. Nh5 Rxf4 23. Nexf4 Bd4+ 24. Kh1 Nd6 25. Ne6 Bxe6 26. Rxe6 Qg5 27. Ng3 Nf5 28. Nxf5 Qxf5 29. Rae2 Rf8 30. Re8 Kg7 31. Rxf8 Kxf8 32. Qe1 Qf7 33. Re4 h5 34. Qe2 Qf6 35. g3 Qf3+ 36. Qxf3+ gxf3 37. Rf4+ Ke7 38. Rxf3 Kd6 39. Kg2 Ke5 40. h3 b5 41. cxb5 Kxd5 42. Rf5+ Ke4 43. Rxh5 c4 44. Rh7 c3 45. Rc7 Kd3 46. Kf3 c2 47. a4 Bc3 48. Rd7+ Kc4 49. Rc7+ Kb3 50. a5 c1=Q 51. b6 Qd1+ 52. Ke4 Qd4+ 53. Kf5 Qe5+ 54. Kg6 axb6 55. axb6 Qd6+ 56. Kh5 Qxb6 57. Rh7 Qc5+ 58. Kg4 Qd4+ 59. Kh5 Qe5+ 60. Kg6 Qe6+ 61. Kh5 Qf5+ 62. Kh6 Qf6+ 63. Kh5 Qf5+ 64. Kh6 Bd2+ 65. Kg7 Qg5+ 66. Kf7 Qf5+ 67. Kg7 Qg5+ 68. Kf7 Qxg3 69. h4 Qf4+ 70. Kg8 Qb8+ 71. Kf7 Qc7+ 72. Kg6 Qd6+ 73. Kf7 Qd7+ 74. Kg6 Qe6+ 75. Kg7 Bc3+ 76. Kf8 Qc8+ 77. Kf7 Qd7+ 78. Kg6 Qe6+ 79. Kh5 Qf5+ 80. Kh6 Bd2+ 81. Kg7 Qd7+ 82. Kg6 Qe6+ 83. Kg7 Bc3+ 84. Kf8 Qf5+ 85. Rf7 Qc8+ 86. Ke7 Qc5+ 87. Ke6 Qc4+ 88. Ke7 Qxh4+ 89. Ke6 Kc4 0-1


[Site "https://www.chess.com"]

[Event "Titled Tuesday Blitz July 18 Late 2023"]
[White "Santos, Rafael Ventura Dos"]
[Black "vishwa_vijeta"]
[WhiteFideId "2122227"]
[WhiteElo "2294"]
[BlackElo "2487"]
[Result "0-1"]
[Round "4"]
[TimeControl "180+2"]
[Date "2023.07.18"]
[WhiteClock "0:00:00"]
[BlackClock "0:01:23"]
[Board "130"]

1. e4 c5 2. c4 Nc6 3. Ne2 Nf6 4. Nbc3 e5 5. d3 d6 6. g3 Be7 7. Bg2 O-O 8. O-O Nd4 9. h3 Bd7 10. f4 b6 11. f5 Ne8 12. h4 Nc7 13. Nxd4 cxd4 14. Ne2 b5 15. b3 a5 16. Bd2 a4 17. Qe1 Na6 18. Kh2 Nc5 19. Bh3 Nxd3 20. Qb1 bxc4 21. bxc4 Nc5 22. Ng1 Rb8 23. Qe1 Bc6 24. f6 Bxf6 25. Rxf6 gxf6 26. Bh6 Rb2+ 27. Ne2 d3 28. Kh1 Bxe4+ 29. Kg1 Rxe2 30. Qc1 f5 31. Bg5 f6 32. Bh6 Qe7 33. Qa3 d2 34. Bf1 Re1 0-1


[Site "https://www.chess.com"]

[Event "Titled Tuesday Blitz July 18 Late 2023"]
[White "CatLivesMatter"]
[Black "Gertler, David"]
[BlackFideId "2017377"]
[WhiteElo "2486"]
[BlackElo "2292"]
[Result "1/2-1/2"]
[Round "4"]
[TimeControl "180+2"]
[Date "2023.07.18"]
[WhiteClock "0:00:21"]
[BlackClock "0:01:51"]
[Board "131"]

1. e4 e5 2. Nf3 Nc6 3. Bb5 Bc5 4. O-O Qf6 5. c3 Nge7 6. b4 Bb6 7. a4 a6 8. Be2 h6 9. Na3 d6 10. Nc4 Ba7 11. b5 Nd8 12. d4 Ng6 13. dxe5 dxe5 14. Ba3 Ne6 15. b6 Bxb6 16. Nxb6 cxb6 17. Qd6 Nef4 18. Bc4 Qxd6 19. Bxd6 Be6 20. Bxe6 Nxe6 21. Nxe5 Nxe5 22. Bxe5 O-O 23. Rab1 Nc5 24. Bd6 Rfe8 25. Bxc5 bxc5 26. f3 Re7 27. Rb6 Rd8 28. Rfb1 Rdd7 29. Kf2 Rd2+ 30. Ke3 Rxg2 31. Rxb7 Rxb7 32. Rxb7 Ra2 33. Rb8+ Kh7 34. Rc8 Rxa4 35. Rxc5 f6 36. c4 Ra1 37. Rc8 Kg6 38. c5 Kf7 39. Rc7+ Kf8 40. Kd4 a5 41. Kd5 a4 42. Ke6 Kg8 43. c6 a3 44. Ra7 a2 45. c7 Rc1 46. Kd7 Rd1+ 47. Ke7 Rc1 48. Kd8 Rd1+ 49. Ke7 Rc1 50. Kd8 Rd1+ 51. Ke8 Rc1 52. Kd7 Rd1+ 1/2-1/2


[Site "https://www.chess.com"]

[Event "Titled Tuesday Blitz July 18 Late 2023"]
[White "Miguelitro69"]
[Black "Rodriguez Fontecha, Marcos"]
[BlackFideId "2256576"]
[WhiteElo "2290"]
[BlackElo "2481"]
[Result "0-1"]
[Round "4"]
[TimeControl "180+2"]
[Date "2023.07.18"]
[WhiteClock "0:00:00"]
[BlackClock "0:00:27"]
[Board "132"]

1. e4 e6 2. Qe2 c5 3. Nf3 Nc6 4. g3 g6 5. Bg2 Bg7 6. O-O Nge7 7. c3 e5 8. Rd1 d6 9. d4 exd4 10. cxd4 Nxd4 11. Nxd4 Bxd4 12. Nc3 a6 13. Bh6 Be6 14. Kh1 Qd7 15. f4 Bg4 16. Bf3 Bxf3+ 17. Qxf3 O-O-O 18. Ne2 Nc6 19. b4 Kb8 20. Rab1 Rde8 21. Nxd4 Nxd4 22. Qd3 Qc6 23. Re1 f5 24. Bg7 fxe4 25. Qe3 Nf5 26. Qc3 Rhg8 27. Bf6 Re6 28. bxc5 dxc5 29. Be5+ Ka8 30. Kg1 Rd8 31. Rbc1 Rd5 32. Qc4 e3 33. Rb1 Rd2 34. Re2 Rxe2 35. Qxe2 Qe4 36. Qb2 Nd4 37. Bxd4 cxd4 38. Qb4 Re8 39. Kf1 Qf3+ 40. Ke1 d3 41. Qb2 d2+ 0-1


[Site "https://www.chess.com"]

[Event "Titled Tuesday Blitz July 18 Late 2023"]
[White "JERO-8914"]
[Black "Vaglio Munoz, Jaime"]
[BlackFideId "6500145"]
[WhiteElo "2476"]
[BlackElo "2286"]
[Result "1-0"]
[Round "4"]
[TimeControl "180+2"]
[Date "2023.07.18"]
[WhiteClock "0:00:51"]
[BlackClock "0:00:31"]
[Board "133"]

1. e4 c5 2. c3 Qa5 3. a3 Nc6 4. Nf3 Nf6 5. Bd3 d5 6. e5 Ng4 7. Qe2 Nh6 8. O-O Bg4 9. Re1 e6 10. h3 Bh5 11. b3 Bg6 12. Bxg6 hxg6 13. Bb2 Nf5 14. b4 Qb6 15. d3 a5 16. Nbd2 Be7 17. Nb3 O-O 18. Nxc5 Bxc5 19. bxc5 Qxc5 20. a4 Rfc8 21. Ba3 Qa7 22. Rab1 b6 23. Rb5 d4 24. c4 Rab8 25. Reb1 Qc7 26. Qe4 Rb7 27. g4 Nfe7 28. Bd6 Qd7 29. Rxb6 Rxb6 30. Rxb6 Nb4 31. Rb7 Qxa4 32. Rxe7 Qd1+ 33. Kg2 Nxd3 34. Rxf7 Kxf7 35. Qb7+ Kg8 36. Qxc8+ Kh7 37. Ng5+ Kh6 38. Nf7+ Kh7 39. Qh8# 1-0


[Site "https://www.chess.com"]

[Event "Titled Tuesday Blitz July 18 Late 2023"]
[White "Cooper, Aaron"]
[Black "Tomaszewski, Kacper"]
[WhiteFideId "2634945"]
[BlackFideId "1127373"]
[WhiteElo "2285"]
[BlackElo "2476"]
[Result "1/2-1/2"]
[Round "4"]
[TimeControl "180+2"]
[Date "2023.07.18"]
[WhiteClock "0:00:15"]
[BlackClock "0:00:14"]
[Board "134"]

1. b4 c6 2. Bb2 Qb6 3. a3 a5 4. c3 axb4 5. cxb4 Nf6 6. Nf3 d6 7. e3 Bg4 8. Nc3 e5 9. Be2 Be7 10. O-O O-O 11. Qb3 Nbd7 12. Rfe1 d5 13. Na4 Qc7 14. Rac1 Bd6 15. h3 Bh5 16. d4 e4 17. Nd2 Bxe2 18. Rxe2 b5 19. Nc5 Nb6 20. Nf1 Nc4 21. Ra1 Nd7 22. a4 Bxc5 23. dxc5 bxa4 24. Rxa4 Nxb2 25. Rxb2 Ne5 26. Rba2 Rxa4 27. Rxa4 f5 28. b5 f4 29. exf4 Nc4 30. bxc6 Qxf4 31. Qg3 Qxg3 32. Nxg3 Rc8 33. Nxe4 Nb2 34. Ra2 dxe4 35. Rxb2 Rxc6 36. Rc2 Kf7 37. Kf1 Ke6 38. Ke2 Kd5 39. Ke3 g5 40. g3 h6 41. Rd2+ Ke5 42. Rc2 Kd5 43. g4 Ke5 44. Rc3 Kd5 45. Rc2 Ke5 46. Rc4 Kd5 47. Rd4+ Kxc5 48. Rxe4 Kd5 49. Rd4+ Ke5 50. Re4+ Kf6 51. Rd4 Rc3+ 52. Rd3 Rc6 53. Kf3 Ra6 54. Kg3 Rb6 55. f3 Ra6 56. Rd5 Rb6 57. Rf5+ Kg6 58. h4 Ra6 59. h5+ Kg7 60. Rb5 Ra7 61. Rb6 Kh7 62. Rg6 Rb7 63. Kf2 Re7 64. Rf6 Re8 65. f4 gxf4 66. Rxf4 Kg7 67. Kf3 Re5 68. Rf5 Re1 69. Kf4 Rf1+ 70. Ke5 Re1+ 71. Kd6 Rd1+ 72. Ke6 Re1+ 73. Re5 Rg1 74. Kf5 Rf1+ 75. Ke6 Rg1 76. Re4 Rf1 77. Ke5 Rf2 78. Rf4 Re2+ 79. Kf5 Re8 80. g5 Rf8+ 81. Kg4 Rxf4+ 82. Kxf4 hxg5+ 83. Kxg5 Kh7 84. h6 Kh8 85. Kf5 Kh7 86. Kf6 Kxh6 1/2-1/2


[Site "https://www.chess.com"]

[Event "Titled Tuesday Blitz July 18 Late 2023"]
[White "Toniutti, Ezio"]
[Black "Schut, Han"]
[WhiteFideId "113034"]
[BlackFideId "1005561"]
[WhiteElo "2475"]
[BlackElo "2272"]
[Result "0-1"]
[Round "4"]
[TimeControl "180+2"]
[Date "2023.07.18"]
[WhiteClock "0:00:00"]
[BlackClock "0:00:24"]
[Board "135"]

1. d4 Nf6 2. c4 g6 3. Nc3 d5 4. Bg5 Bg7 5. Nf3 Ne4 6. Bh4 Nxc3 7. bxc3 dxc4 8. e4 c5 9. Bxc4 cxd4 10. cxd4 Nc6 11. d5 Qa5+ 12. Kf1 Ne5 13. Nxe5 Bxe5 14. Rc1 Bd7 15. f3 Rc8 16. Qe2 b5 17. f4 Bg7 18. d6 Rxc4 19. Rxc4 bxc4 20. dxe7 Bb5 21. Kf2 Bd4+ 22. Kg3 Qc3+ 23. Qf3 f6 24. Rd1 Kxe7 25. e5 Qxf3+ 26. gxf3 Bb2 27. Rd6 Rf8 28. Bxf6+ Ke8 0-1


[Site "https://www.chess.com"]

[Event "Titled Tuesday Blitz July 18 Late 2023"]
[White "Chemin, Justo Reinaldo"]
[Black "Sos Andreu, Eric"]
[WhiteFideId "2101580"]
[BlackFideId "22247017"]
[WhiteElo "2269"]
[BlackElo "2474"]
[Result "0-1"]
[Round "4"]
[TimeControl "180+2"]
[Date "2023.07.18"]
[WhiteClock "0:00:00"]
[BlackClock "0:00:01"]
[Board "136"]

1. e4 c6 2. d4 d5 3. exd5 cxd5 4. Bd3 Nc6 5. c3 Qc7 6. Nf3 Nf6 7. O-O Bg4 8. Re1 e6 9. h3 Bh5 10. Bg5 Be7 11. Bh4 O-O 12. Bg3 Bd6 13. Bxd6 Qxd6 14. Nbd2 Rab8 15. Qc2 b5 16. Ne5 a5 17. f4 Bg6 18. Bxg6 hxg6 19. Re2 Rfc8 20. Rae1 Nxd4 21. Qd3 Nxe2+ 22. Rxe2 b4 23. Ndf3 bxc3 24. bxc3 Qc5+ 25. Re3 Rb2 26. Kh2 Rxa2 27. Nxf7 Ne4 28. N7g5 Qxc3 29. Qa6 Qc6 30. Qa7 Qc2 31. Qf7+ Kh8 32. Nh4 Nxg5 33. fxg5 Qc7+ 34. Qxc7 Rxc7 35. Nxg6+ Kg8 36. Rxe6 Rcc2 37. Nf4 d4 38. Rd6 Rc4 39. g6 Kf8 40. Rd7 Rf2 41. Rf7+ Kg8 42. Kg3 Rf1 43. Rd7 Rc8 44. Rxd4 Re1 45. h4 a4 46. h5 a3 47. Ra4 Re3+ 48. Kg4 Rb3 49. Ra7 Rb4 50. g3 Rb3 51. h6 Rbc3 52. Rxg7+ Kh8 53. Rh7+ Kg8 54. Rg7+ Kh8 55. Ra7 a2 56. g7+ Kh7 57. Nh5 R3c4+ 58. Kh3 Ra8 0-1


[Site "https://www.chess.com"]

[Event "Titled Tuesday Blitz July 18 Late 2023"]
[White "Korkmaz, Necmettin"]
[Black "Bartel, Marta"]
[WhiteFideId "6303285"]
[BlackFideId "1123009"]
[WhiteElo "2474"]
[BlackElo "2267"]
[Result "0-1"]
[Round "4"]
[TimeControl "180+2"]
[Date "2023.07.18"]
[WhiteClock "0:00:34"]
[BlackClock "0:00:11"]
[Board "137"]

1. e4 c5 2. Nc3 d6 3. f4 Nc6 4. Nf3 g6 5. Bc4 Bg7 6. O-O e6 7. d3 Nf6 8. Qe1 O-O 9. f5 d5 10. Bb3 dxe4 11. dxe4 exf5 12. e5 Ne4 13. Nxe4 fxe4 14. Qxe4 Bf5 15. Qf4 Nd4 16. Nxd4 Qxd4+ 17. Qxd4 cxd4 18. Bf4 Rac8 19. Rf2 Rfe8 20. Re1 Be6 21. Re4 Bxb3 22. axb3 Rcd8 23. Rd2 f6 24. Rexd4 Rxd4 25. Rxd4 fxe5 26. Re4 Kf7 27. Be3 b6 28. c3 Ke6 29. Kf2 Rd8 30. Ke2 Kf5 31. Ra4 Rd7 32. b4 Bf8 33. c4 e4 34. c5 bxc5 35. bxc5 Rc7 36. b4 Ke5 37. Ra5 Kd5 38. Ra4 Kc4 39. b5+ Kxb5 40. Rxe4 Bxc5 41. Re5 Kb4 42. Bd2+ Kb5 43. Kd3 Kb6 44. Re8 Rd7+ 45. Kc2 Bd4 46. Re6+ Kb5 47. Kb3 a5 48. Re4 a4+ 49. Kc2 Kc4 50. Be3 a3 51. Rh4 a2 52. Bxd4 Rxd4 53. Rxd4+ Kxd4 54. Kb2 Ke3 55. Kxa2 Kf2 56. g4 Kg2 57. g5 Kh3 58. Kb3 Kg4 59. Kc4 Kxg5 60. Kd3 Kg4 61. Ke2 Kh3 62. Kf1 Kxh2 63. Kf2 g5 0-1


[Site "https://www.chess.com"]

[Event "Titled Tuesday Blitz July 18 Late 2023"]
[White "Roberson, Peter T"]
[Black "Broca Jimenez, Fernando"]
[WhiteFideId "412384"]
[BlackFideId "5104742"]
[WhiteElo "2471"]
[BlackElo "2265"]
[Result "0-1"]
[Round "4"]
[TimeControl "180+2"]
[Date "2023.07.18"]
[WhiteClock "0:00:00"]
[BlackClock "0:00:15"]
[Board "138"]

1. d4 g6 2. h4 Bg7 3. h5 Nf6 4. h6 Bf8 5. Nc3 e6 6. e4 b6 7. e5 Nd5 8. Nxd5 exd5 9. Nh3 d6 10. Bg5 Be7 11. Qd2 Bxh3 12. Bxe7 Qxe7 13. Rxh3 dxe5 14. dxe5 c6 15. O-O-O Nd7 16. c4 dxc4 17. Bxc4 O-O-O 18. Ba6+ Kc7 19. Qd6+ Qxd6 20. exd6+ Kb8 21. Re3 Rhe8 22. Re7 b5 23. a4 bxa4 24. Rxf7 Nc5 25. Bc4 Rd7 26. Rf4 Red8 27. Rf6 Ne4 28. Rf7 Rxd6 29. Re1 Ng5 0-1


[Site "https://www.chess.com"]

[Event "Titled Tuesday Blitz July 18 Late 2023"]
[White "Rama, Tejas"]
[Black "rikchessmx"]
[WhiteFideId "30907381"]
[WhiteElo "2464"]
[BlackElo "2264"]
[Result "1-0"]
[Round "4"]
[TimeControl "180+2"]
[Date "2023.07.18"]
[WhiteClock "0:00:49"]
[BlackClock "0:02:02"]
[Board "139"]

1. d4 Nf6 2. c4 e5 3. dxe5 Ng4 4. e4 Nxe5 5. f4 Nec6 6. Nc3 Bc5 7. Na4 Bb4+ 8. Kf2 O-O 9. Nf3 a6 10. Be3 Re8 11. Bd3 Bf8 12. Re1 Nb4 13. Bb1 b5 14. cxb5 axb5 15. Nc3 Bb7 16. a3 N4a6 17. e5 b4 18. axb4 Nxb4 19. Rxa8 Bxa8 20. Bxh7+ Kxh7 21. Ng5+ Kg6 22. f5+ Kxf5 23. g4+ Kg6 24. Qb1+ f5 25. Qxf5+ Kh6 26. Nf7# 1-0


[Site "https://www.chess.com"]

[Event "Titled Tuesday Blitz July 18 Late 2023"]
[White "Thiel, Thomas"]
[Black "Horcajuelo Rocamora, Martin"]
[WhiteFideId "4615964"]
[BlackFideId "24573027"]
[WhiteElo "2252"]
[BlackElo "2459"]
[Result "0-1"]
[Round "4"]
[TimeControl "180+2"]
[Date "2023.07.18"]
[WhiteClock "0:00:00"]
[BlackClock "0:00:09"]
[Board "140"]

1. e4 e5 2. Nf3 Nc6 3. d4 exd4 4. Nxd4 Nf6 5. Nxc6 bxc6 6. Qe2 Bc5 7. e5 Nd5 8. c4 Nb6 9. Qg4 g6 10. Bg5 Be7 11. Bxe7 Qxe7 12. Qe2 Ba6 13. b3 O-O 14. Nd2 Rfe8 15. f4 d6 16. O-O-O dxe5 17. Qxe5 Qxe5 18. fxe5 Rxe5 19. Nf3 Re7 20. Bd3 Rae8 21. Rhe1 c5 22. Rxe7 Rxe7 23. Nd2 f5 24. g3 Bb7 25. Nb1 Bf3 26. Rf1 Bc6 27. Nc3 Nd7 28. Kd2 Ne5 29. Be2 Kg7 30. Rd1 Bf3 31. Re1 Rd7+ 32. Kc1 Bc6 33. Kc2 Kf6 34. Rd1 Re7 35. Kd2 Bb7 36. Re1 Rd7+ 37. Kc2 Nc6 38. Rd1 Nd4+ 39. Kb2 Re7 40. Bd3 g5 41. Rd2 Re3 42. Bb1 f4 43. Rf2 f3 44. Nd1 Re1 45. Nc3 g4 46. a3 Rg1 47. Bc2 Rg2 0-1


[Site "https://www.chess.com"]

[Event "Titled Tuesday Blitz July 18 Late 2023"]
[White "WindWhistler11"]
[Black "Ilyuchyk, Yana"]
[BlackFideId "13508407"]
[WhiteElo "2459"]
[BlackElo "2250"]
[Result "0-1"]
[Round "4"]
[TimeControl "180+2"]
[Date "2023.07.18"]
[WhiteClock "0:00:24"]
[BlackClock "0:00:55"]
[Board "141"]

1. Nf3 Nf6 2. g3 g6 3. Bg2 Bg7 4. O-O O-O 5. c4 d6 6. Nc3 e5 7. b4 Re8 8. a4 a5 9. b5 Nbd7 10. Bb2 Nc5 11. Ne1 Be6 12. d3 d5 13. cxd5 Nxd5 14. Rc1 b6 15. Ba3 Nxc3 16. Rxc3 e4 17. Rxc5 bxc5 18. Bxe4 Bd5 19. Qc2 Bxe4 20. dxe4 Qd4 21. Bxc5 Qxe4 22. Qb3 Qxe2 23. Ng2 Qe6 24. Qc2 Rad8 25. Be3 Rd7 26. Re1 Qe4 27. Qb3 Qd3 28. Qb2 Bxb2 29. Nf4 Qb3 0-1


[Site "https://www.chess.com"]

[Event "Titled Tuesday Blitz July 18 Late 2023"]
[White "De Souza, Cristiano Gomes"]
[Black "Michalczak, Thomas"]
[WhiteFideId "2151758"]
[BlackFideId "4622634"]
[WhiteElo "2246"]
[BlackElo "2456"]
[Result "0-1"]
[Round "4"]
[TimeControl "180+2"]
[Date "2023.07.18"]
[WhiteClock "0:00:19"]
[BlackClock "0:00:46"]
[Board "142"]

1. d3 d5 2. Nf3 Nc6 3. g3 e5 4. Bg2 Be6 5. Nbd2 Qd7 6. O-O h5 7. h4 Nh6 8. Ng5 Bg4 9. f3 Bc5+ 10. Kh2 O-O-O 11. Nb3 Bb6 12. Qe1 f6 13. fxg4 Nxg4+ 14. Kh1 fxg5 15. Bxg5 Rdf8 16. e4 Bf2 17. Qe2 d4 18. Bh3 Bxg3 19. Bxg4 hxg4 20. Kg2 Bf4 21. Rf2 g3 22. Rf3 Bxg5 23. Rxf8+ Rxf8 24. hxg5 Rf2+ 25. Qxf2 gxf2 26. Kxf2 Qf7+ 27. Ke2 Qf4 28. Rf1 Qxg5 29. Nc5 b6 30. Rf8+ Nd8 31. Ne6 Qg4+ 0-1


[Site "https://www.chess.com"]

[Event "Titled Tuesday Blitz July 18 Late 2023"]
[White "Sarkar, Justin"]
[Black "Marra, Eduardo da Costa"]
[WhiteFideId "2010011"]
[BlackFideId "2106990"]
[WhiteElo "2242"]
[BlackElo "2447"]
[Result "1/2-1/2"]
[Round "4"]
[TimeControl "180+2"]
[Date "2023.07.18"]
[WhiteClock "0:00:07"]
[BlackClock "0:01:36"]
[Board "143"]

1. e4 c5 2. Nf3 e6 3. d4 cxd4 4. Nxd4 Nf6 5. Nc3 Nc6 6. Ndb5 Bc5 7. Nd6+ Ke7 8. Bf4 e5 9. Nf5+ Kf8 10. Bg5 Bb4 11. Bc4 d5 12. Bxd5 Bxf5 13. Bxc6 bxc6 14. Qxd8+ Rxd8 15. exf5 Bxc3+ 16. bxc3 Rd5 17. Rb1 Rb5 18. Rxb5 cxb5 19. Bxf6 gxf6 20. Kd2 Ke7 21. Rb1 Rd8+ 22. Ke3 Rc8 23. Rxb5 Rxc3+ 24. Kd2 Ra3 25. Rb7+ Kf8 26. Rb2 Kg7 27. c4 Kf8 28. c5 Ke8 29. Kc2 Kd7 30. Rb7+ Kc6 31. Rxf7 Kxc5 32. Rxf6 Rxa2+ 33. Kd3 Rxf2 34. g4 Rxh2 35. g5 Rg2 36. g6 hxg6 37. fxg6 Kd5 38. Ra6 Rg3+ 39. Ke2 Ke4 40. Ra4+ Kf5 41. Rxa7 Rxg6 42. Ra4 Rg3 43. Rb4 Rh3 44. Rc4 Rg3 45. Rb4 Rg4 46. Rxg4 Kxg4 47. Ke3 Kf5 48. Kf3 e4+ 49. Ke3 Ke5 50. Ke2 Kd4 51. Kd2 e3+ 52. Ke2 Ke4 53. Ke1 Kf4 54. Ke2 Ke4 55. Ke1 Kd4 56. Ke2 Ke4 1/2-1/2


[Site "https://www.chess.com"]